 Dungeon Crawl Stone Soup version 0.26.1-11-gd32895ea62 (webtiles) character file.

Game seed: 10631372015066750830

116 MyelinatedAxon the Sneak (level 4, -4/30 (33) HPs)
             Began as a Demonspawn Brigand on May 20, 2021.
             Slain by a gnoll
             ... wielding a +2 flail of draining
              (13 damage)
             ... on level 2 of the Dungeon.
             The game lasted 00:02:04 (1688 turns).

MyelinatedAxon the Sneak (Demonspawn Brigand)       Turns: 1688, Time: 00:02:05

HP:   -4/30 (33)    AC:  4    Str: 11    XL:     4   Next: 69%
MP:   4/4           EV: 12    Int: 13    God:
Gold: 90            SH:  0    Dex: 15    Spells: 3/3 levels left

rFire    . . .     SeeInvis .   i - +1 dagger (drain)
rCold    . . .     Faith    .   (no shield)
rNeg     . . .     Spirit   .   b - +0 robe
rPois    .         Reflect  .   (no helmet)
rElec    .         Harm     .   c - +0 cloak
rCorr    .         Rampage  .   (no gloves)
Will     .....                  (no boots)
Stlth    +++.......             (no amulet)
HPRegen  0.10/turn              (no ring)
MPRegen  0.09/turn              (no ring)

@: drained
A: hooves 1, miasma immunity, sharp scales 1
a: no special abilities


You were on level 2 of the Dungeon.
You visited 1 branch of the dungeon, and saw 2 of its levels.

You collected 90 gold pieces.

Inventory:

Hand Weapons
 a - a +3 dagger
 i - a +1 dagger of draining (weapon)
Missiles
 d - 19 poisoned darts (quivered)
Armour
 b - a +0 robe (worn)
 c - a +0 cloak (worn)
Scrolls
 g - 2 scrolls of remove curse
Potions
 f - a potion of invisibility
 h - 2 potions of curing
 j - a potion of berserk rage {unknown}
 k - a potion of flight


   Skills:
 + Level 2.0 Fighting
 * Level 2.9 Short Blades
 + Level 1.7 Throwing
 + Level 1.2 Dodging
 * Level 4.9 Stealth
 + Level 0.7 Unarmed Combat


You had 3 spell levels left.
You didn't know any spells.
Your spell library was empty.

Dungeon Overview and Level Annotations

Branches:
Dungeon (2/15)

Altars:
Ashenzari


Innate Abilities, Weirdness & Mutations

You have large cloven feet.
You are immune to miasma.
You are partially covered in razor-sharp scales. (AC +1, Slay +1)


Message History

Press: ? - help, Shift-Dir - straight line, f - gnoll
Aim: a gnoll, wielding a +2 flail of draining (64% to hit)
You throw a curare-tipped dart.
The curare-tipped dart closely misses the gnoll.
The gnoll hits you but does no damage.
You feel drained.
Unknown command.
Throw: dart (curare)
Press: ? - help, Shift-Dir - straight line, f/p - gnoll
Aim: a gnoll, wielding a +2 flail of draining (64% to hit)
You throw a curare-tipped dart.
The curare-tipped dart barely misses the gnoll.
The gnoll barely misses you.
Unknown command.
Throw: 20 darts (poison)
Press: ? - help, Shift-Dir - straight line, f/p - gnoll
Aim: a gnoll, wielding a +2 flail of draining (64% to hit)
You throw a poisoned dart. The poisoned dart hits the gnoll.
The gnoll is poisoned.
The gnoll hits you with a +2 flail of draining!
You die...

..### #.## #...........# ....#
#.# #..#)######.# #.#.####.#
#..#.....##.# .......#.#
#..#####.##.# ..#.##.#.# #).#
#.##.# ..#.##.#.#######^.#
#.##.###### .##.##†#..........#
#.##.#...g.
....##.########...#####.##.#g####
..####.# #<@g.g...#...#.# #
.#####.###### #.#)####...###.## #
.#..........# #.#.#...........# #
(......####.###.#.#.##...###..###
##.##...........#.#..............
...###.####.#####.#..##.#####.###
#### #.# #.#####.#..##.# #.#
###.####..>.......##.## #.#
#.....#.).............## #.#


You could see 2 gnolls.

Vanquished Creatures
  Natasha (twice) (D:2)
  An adder (D:2)
  2 gnolls (D:2)
  A leopard gecko (D:1)
  3 giant cockroaches
  5 goblins
  4 hobgoblins
  3 jackals (D:1)
  A quokka (D:2)
  2 ball pythons
  5 bats
  5 kobolds
  4 rats
38 creatures vanquished.

Notes
Turn   | Place    | Note
-------+----------+-------------------------------------------
     0 | D:1      | MyelinatedAxon the Demonspawn Brigand began the quest for
                  | the Orb.
     0 | D:1      | Reached XP level 1. HP: 16/16 MP: 1/1
   190 | D:1      | Gained mutation: You have large cloven feet. [demonic
                  | ancestry]
   190 | D:1      | Reached XP level 2. HP: 15/22 MP: 2/2
   466 | D:1      | Reached skill level 4 in Stealth
   863 | D:2      | Reached skill level 1 in Dodging
   936 | D:2      | Gained mutation: You are immune to miasma. [demonic
                  | ancestry]
   936 | D:2      | Reached XP level 3. HP: 22/27 MP: 3/3
  1052 | D:2      | Found a broken altar of Ashenzari.
  1052 | D:2      | Noticed Natasha
  1060 | D:2      | Killed Natasha
  1271 | D:2      | Gained mutation: You are partially covered in razor-sharp
                  | scales. (AC +1, Slay +1) [demonic ancestry]
  1271 | D:2      | Reached XP level 4. HP: 33/33 MP: 4/4
  1490 | D:2      | Noticed Natasha
  1508 | D:2      | Killed Natasha
  1688 | D:2      | Slain by a gnoll

Illustrated notes

Levels and vault maps discovered:
D:1:      lightli_molten_gateway, layout_rooms
D:2:      layout_loops_ring, chequers_garden, evilmike_ruin_ashenzari,
          uniq_natasha

Skill      XL: |  1  2 |
---------------+-------+-----
Short Blades   | 2 |  2.9
Stealth        | 4 |  4.9
Dodging        | 1 |  1.2
Fighting       | |  2.0
Throwing       | |  1.7
Unarmed Combat | |  0.7

Action                   |  1- 3 |  4- 6 || total
-------------------------+-------+-------++-------
Melee: Dagger            |    79 |    14 ||    93
       Kick              |    10 |     5 ||    15
       Unarmed           |     7 |    10 ||    17
Throw: Dart              |       |     3 ||     3
  Use: Scroll            |     8 |       ||     8
 Stab: Sleeping          |     3 |     2 ||     5
       Confused          |     1 |       ||     1
Armor: Robe              |    22 |     2 ||    24
       Skin              |     2 |       ||     2
Dodge: Dodged            |    60 |     8 ||    68
